 Dungeon Crawl Stone Soup version 0.17-a0-543-g13d7571 (webtiles) character file.

236325 BluebellGnoll the Severer (level 18, -12/157 HPs)
             Began as a Demonspawn Berserker on Apr 12, 2015.
             Was the Champion of Trog.
             Killed from afar by an Ice Fiend (15 damage)
             ... with a bolt of cold
             ... summoned by a deep elf demonologist
             ... led by an ironheart preserver
             ... on level 1 of the Vaults on Apr 13, 2015.
             The game lasted 03:51:14 (44832 turns).

BluebellGnoll the Severer (Demonspawn Berserker)   Turns: 44832, Time: 03:51:14

Health: -12/157    AC: 23    Str: 33    XL:     18   Next: 50%
Magic:  0/28       EV:  9    Int: 10    God:    Trog [******]
Gold:   3269       SH:  3    Dex: 16    Spells: 0 memorised, 17 levels left

rFire  . . .     SeeInvis .     b - +7 executioner's axe of Defence {chop, rN++ MR- Str+6}
rCold  + . .     Clarity  +     A - +2 plate armour {MR+}
rNeg   + + .     SustAb   .     (no shield)
rPois  +         Gourm    .     (helmet restricted)
rElec  .         Spirit   +     l - +0 cloak
rCorr  .         Warding  .     y - +2 pair of gloves {Str+3}
rMut   .         Stasis   .     p - +2 pair of boots
MR     ++...                    O - amulet of guardian spirit
Stlth  ..........               P - ring of protection from cold
                                q - +5 ring of strength

@: lethally poisoned (-12 -> -37), drained, very resistant to hostile
enchantments, extremely unstealthy
A: hooves 2, horns 1, large bone plates 2, berserk 1, blurry vision 1, clarity,
deformed body, demonic guardian 2, foul stench 1, magic resistance 1, sense
surroundings 2, poison resistance, shaggy fur 1, weak 1, wild magic 1,
augmentation 1, rot immunity
a: Burn Spellbooks, Berserk, Trog's Hand, Brothers in Arms, Renounce Religion
}: 2/15 runes: decaying, gossamer


You were on level 1 of the Vaults.
You worshipped Trog.
Trog was exalted by your worship.
You were hungry.

You visited 7 branches of the dungeon, and saw 38 of its levels.

You collected 4175 gold pieces.
You spent 906 gold pieces at shops.

Inventory:

Hand weapons
 b - the +7 executioner's axe of Defence (weapon) {chop, rN++ MR- Str+6}
   (Trog gifted it to you on level 5 of the Swamp)

   It inflicts extra damage upon your enemies.
   It affects your strength (+6).
   It greatly protects you from negative energy.
   It affects your resistance to hostile enchantments.
 K - a +4 antimagic executioner's axe
 X - a +5 battleaxe of flaming
Missiles
 a - 24 tomahawks (quivered)
 u - 11 poisoned javelins
 M - 4 throwing nets
 N - 16 javelins of penetration
 Q - 5 javelins
 Z - 9 tomahawks of dispersal
Armour
 l - a +0 cloak (worn)
 p - a +2 pair of boots (worn)
 s - a +2 shield
 y - a +2 pair of gloves of strength (worn)
 A - a +2 plate armour of magic resistance (worn)
Jewellery
 q - a +5 ring of strength (left hand)
 E - an uncursed ring of flight
 L - an uncursed ring of fire
 O - an amulet of guardian spirit (around neck)
 P - a ring of protection from cold (right hand)
 R - an uncursed ring of sustain abilities
Magical devices
 o - a wand of hasting (5)
 D - a wand of confusion (7)
 F - a wand of lightning (7)
 H - a wand of teleportation (3)
 I - a wand of disintegration (13)
 T - a wand of paralysis (13)
Scrolls
 f - 7 scrolls of fog
 g - a scroll of immolation
 i - 7 scrolls of fear
 j - a scroll of summoning {unknown}
 k - 11 scrolls of remove curse
 G - 2 scrolls of recharging
 S - 3 scrolls of magic mapping
 U - 11 scrolls of teleportation
 Y - 2 scrolls of blinking
Potions
 d - 4 potions of heal wounds
 e - a potion of cancellation {unknown}
 h - 3 potions of lignification {unknown}
 m - 3 potions of flight
 r - a potion of haste
 t - 4 potions of magic
 v - a potion of cure mutation {unknown}
 w - 8 potions of curing
 C - a potion of resistance
Miscellaneous
 n - a sack of spiders
 x - a fan of gales
 J - a phial of floods
Comestibles
 c - 25 bread rations
 B - a meat ration


   Skills:
 + Level 18.2(17.7) Fighting
 - Level 18.9(18.5) Axes
 - Level 13.4(13.0) Throwing
 - Level 9.0(8.6) Armour
 - Level 1.7(1.4) Dodging
 - Level 14.0(13.6) Evocations


You had 17 spell levels left.
You didn't know any spells.

Dungeon Overview and Level Annotations

Branches:
Dungeon (15/15)            Temple (1/1) D:4            Lair (7/8) D:9
  Swamp (5/5) Lair:5       Spider (5/5) Lair:4          Orc (4/4) D:9
    Elf (0/3) Orc:3        Vaults (1/5) D:13         Depths (0/5) D:15
  Slime: Lair:6-8

Altars:
Dithmenos
Elyvilon
Gozag
Makhleb
Nemelex Xobeh
Qazlal
Ru
Sif Muna
Trog
Vehumet
Zin
The Shining One
Beogh

Shops:
D:5 !   D:6 [   D:13 %   D:14 %*   Orc:4 [%?:

Portals:
Trove: D:10 (give +4 demon whip)

Annotations:
Lair:7 exclusion: oklob plant


Innate Abilities, Weirdness & Mutations

You have hoof-like feet.
You are mostly covered in large bone plates (AC +3, SH +3).
A demonic guardian rushes to your aid.
You may emit foul miasma when damaged in melee.
Your magical and physical power is slightly enhanced at high health.
You are immune to rotting.
You have a pair of small horns on your head.
You tend to lose your temper in combat.
Scrolls take you a little longer to read.
You possess an exceptional clarity of mind.
Armour fits poorly on your strangely shaped body.
You are resistant to hostile enchantments.
You passively map the area around you.
Your system is resistant to poisons.
You are covered in fur (AC +1).
You are weak. (Str -2)
Your spells are a little harder to cast, but a little more powerful.


Message History

Unknown command.
You slice the deep elf death mage!!
You kill the deep elf death mage!
Trog accepts your kill.
Trog appreciates your killing of a magic user.
You slice the Ice Fiend!!
The Ice Fiend is moderately wounded.
You feel very sick. The Ice Fiend claws you!
* * * LOW HITPOINT WARNING * * *
The Ice Fiend freezes you!! You resist.
* * * LOW HITPOINT WARNING * * *
The Ice Fiend claws you!
* * * LOW HITPOINT WARNING * * *
The Ice Fiend freezes you! You resist.
* * * LOW HITPOINT WARNING * * *
You block the deep elf sorcerer's attack.
The Ice Fiend gestures at you. The bolt of cold hits you! You resist.
You die...

. * #.#####
, #.#.....*
* **
#.#.....# *
* #.#44....
,* #.#e24.#
*
#.#D44.#..
*
#.#e2......
*
#4@1re..#,
,
#.#####....
, #.# , *
#.# , * , *
#.# , #.#
,, , #.# ,
, , * #.# *
, #.# *


You could see an Ice Fiend, a green death, a deep elf sorcerer, a deep elf
demonologist, an orange demon, a deep elf summoner, a hellwing, a rust devil, a
sixfirhy, a tormentor, a red devil, a mottled dragon, a hell rat and a friendly
sixfirhy.

Vanquished Creatures
  the Lernaean hydra (Swamp:5)
  Rupert (Orc:4)
  Asterion (Vaults:1)
  4 thorn hunters
  Agnes (Spider:2)
  Roxanne (Spider:2)
  Louise (Spider:2)
  3 emperor scorpions
  6 ghost moths (Spider:5)
  A very ugly thing (Swamp:2)
  2 ironheart preservers (Vaults:1)
  Snorg (Orc:1)
  6 vault guards (D:13)
  A deep elf death mage (Vaults:1)
  A fire dragon (Vaults:1)
  A great orb of eyes (Vaults:1)
  2 entropy weavers (Spider:3)
  2 ghost crabs (Swamp:5)
  24 hydras
  6 ogre magi
  3 alligators
  2 centaur warriors
  An orc high priest (Orc:3)
  A soul eater (Vaults:1)
  8 spriggans
  A sun demon (Swamp:5)
  A fire crab (shapeshifter) (Vaults:1)
  An ironbrand convoker (Vaults:1)
  4 spriggan druids
  4 deep trolls (Vaults:1)
  16 swamp dragons
  Pikel (D:9)
  7 hill giants
  4 shambling mangroves
  2 unseen horrors
  27 ugly things
  5 hornets
  2 orc sorcerers
  A salamander (D:15)
  3 orc knights
  39 wolf spiders
  3 cyclopes
  21 orb spiders
  A moth of wrath (Spider:5)
  2 griffons
  A queen ant (Lair:1)
  Psyche (D:9)
  A gargoyle (D:15)
  3 torpor snails
  4 centaur skeletons
  2 black mambas
  An orange demon (Orc:2)
  17 spiny frogs
  11 demonic crawlers
  12 komodo dragons
  5 yaktaurs (Vaults:1)
  A hellwing (Orc:2)
  3 freezing wraiths
  A harpy zombie (D:14)
  A fire drake (Lair:4)
  A kobold demonologist (D:14)
  5 trolls
  21 slime creatures
  9 two-headed ogres
  A merfolk (D:10)
  23 jumping spiders
  Grinder (D:6)
  16 blink frogs
  7 giant leeches
  12 bog bodies
  A hornet zombie (D:15)
  9 ravens
  3 boulder beetles
  6 wraiths
  Sigmund (D:4)
  2 shadows
  23 tarantellas
  18 trapdoor spiders
  39 yaks
  4 deep elf magi
  36 redbacks
  A vampire (D:13)
  A hungry ghost (D:7)
  4 basilisks
  3 wyverns
  2 wargs (Orc:3)
  10 hippogriffs
  13 soldier ants
  18 vampire mosquitoes
  21 insubstantial wisps
  8 porcupines
  28 orc warriors
  16 swamp drakes
  19 water moccasins
  30 swamp worms
  An ice beast (D:7)
  3 sky beasts
  9 wolves
  A black bear (D:13)
  4 slaves (D:9)
  36 spiders
  7 wasps
  7 centaurs
  An eye of draining (D:10)
  34 ogres
  2 phantoms
  16 crocodiles
  A boring beetle (Spider:5)
  15 giant frogs
  12 scorpions
  A wyvern skeleton (D:13)
  A troll zombie (D:9)
  11 wights
  2 electric eels
  A goliath beetle (D:6)
  4 centaur zombies
  2 giant frog zombies
  The ghost of BluebellGnoll the Sneak, a weakling SpBe of Trog (D:3)
  4 crimson imps
  A hound (D:14)
  27 orc priests
  26 orc wizards
  5 jellies
  11 iguanas
  2 quasits
  18 worker ants
  2 hell rats (Vaults:1)
  A killer bee zombie (D:8)
  10 sheep
  A hound zombie (D:6)
  A hound skeleton (D:8)
  2 mummies
  A worker ant zombie (D:7)
  11 gnolls
  46 river rats
  14 adders
  6 shadow imps
  10 worms
  An adder skeleton (D:5)
  8 giant geckos
  183 orcs
  16 bats
  2 bat skeletons (D:7)
  5 giant cockroaches
  17 goblins
  18 hobgoblins
  An ooze (D:1)
  6 quokkas
  5 ball pythons
  A giant gecko skeleton (D:4)
  A giant gecko zombie (D:6)
  3 giant newts
  A giant spore (D:14)
  15 jackals
  14 kobolds
  3 orc zombies (Orc:2)
  A quokka skeleton (D:10)
  14 rats
  5 ballistomycetes
  10 fungi
  4 plants
1407 creatures vanquished.

Vanquished Creatures (collateral kills)
  An orc warlord (Orc:3)
  3 emperor scorpions
  Nessos (D:13)
  A dire elephant (D:15)
  A vault guard (D:13)
  Josephine (D:14)
  Harold (Orc:1)
  5 hydras
  Erolcha (D:9)
  A death yak (Lair:7)
  A hill giant (D:9)
  A deep troll (Vaults:1)
  A lindwurm (Lair:7)
  4 wolf spiders
  A hornet (Spider:5)
  2 ugly things (Vaults:1)
  An orb spider (Spider:5)
  2 black mambas (Lair:4)
  A gargoyle (D:10)
  A demonic crawler (Spider:5)
  A komodo dragon (Lair:1)
  2 wandering mushrooms (D:9)
  2 deep elf priests (D:7)
  5 two-headed ogres (Orc:4)
  4 blink frogs
  4 jumping spiders (Spider:4)
  A troll (D:9)
  7 redbacks
  2 wyverns
  15 yaks
  Grum (D:9)
  8 soldier ants (Lair:1)
  A basilisk (Lair:3)
  2 wolves (D:9)
  2 swamp worms (Spider:2)
  6 ogres
  5 orc warriors
  2 spiders (Spider:4)
  A centaur (D:14)
  2 ice beasts
  A giant frog (Lair:1)
  A water moccasin skeleton (D:7)
  3 orc priests
  2 orc wizards (Orc:1)
  3 worker ants (Lair:1)
  A gnoll (D:4)
  A worm (Spider:2)
  8 orcs
  An orc zombie (Orc:2)
125 creatures vanquished.

Vanquished Creatures (others)
  20 sun demons
  19 soul eaters
  13 ice devils
  3 air elementals (Spider:4)
  14 sixfirhies
  A water elemental (Spider:4)
  21 smoke demons
  2 swamp worms
  A centaur (D:14)
  A crimson imp (D:3)
  An iron imp (D:3)
  A white imp (D:4)
  An orc (Orc:1)
  2 giant spores
  An orc zombie (Orc:3)
  2 fungi (Lair:2)
  2 plants (Spider:2)
105 creatures vanquished.

Grand Total: 1637 creatures vanquished

Notes
Turn   | Place    | Note
--------------------------------------------------------------
     0 | D:1      | BluebellGnoll, the Demonspawn Berserker, began the quest for the Orb.
     0 | D:1      | Reached XP level 1. HP: 18/18 MP: 1/1
   362 | D:1      | Gained mutation: You have large cloven feet. [demonic ancestry]
   362 | D:1      | Reached XP level 2. HP: 24/24 MP: 2/2
   546 | D:1      | Acquired Trog's second power
   736 | D:2      | Found a white marble altar of Elyvilon.
   859 | D:2      | Reached XP level 3. HP: 29/29 MP: 3/3
   919 | D:2      | Reached skill level 4 in Axes
   987 | D:2      | Found a glowing silver altar of Zin.
  1032 | D:2      | Gained mutation: A weak demonic guardian rushes to your aid. [demonic ancestry]
  1032 | D:2      | Reached XP level 4. HP: 35/35 MP: 4/4
  1564 | D:2      | Found a burning altar of Makhleb.
  1567 | D:2      | Found a stormy altar of Qazlal.
  1674 | D:2      | Found a deep blue altar of Sif Muna.
  1806 | D:3      | Gained mutation: You are partially covered in large bone plates (AC +2, SH +2). [demonic ancestry]
  1806 | D:3      | Reached XP level 5. HP: 16/41 MP: 5/5
  1925 | D:3      | Noticed BluebellGnoll's ghost (weakling SpBe)
  1937 | D:3      | Killed BluebellGnoll's ghost
  2588 | D:4      | Noticed Sigmund
  2594 | D:4      | Killed Sigmund
  2594 | D:4      | Reached skill level 5 in Axes
  2594 | D:4      | Gained mutation: A demonic guardian rushes to your aid. [demonic ancestry]
  2594 | D:4      | Reached XP level 6. HP: 48/48 MP: 6/6
  2844 | D:4      | Noticed an ogre
  2850 | D:4      | Killed an ogre
  2872 | D:4      | Noticed an ice beast
  2878 | D:4      | Killed an ice beast
  2878 | D:4      | Gained mutation: You are immune to rotting. [demonic ancestry]
  2878 | D:4      | Reached XP level 7. HP: 54/54 MP: 7/7
  2960 | D:4      | Acquired Trog's third power
  3137 | D:4      | Found an opulent altar of Gozag.
  3338 | D:4      | Found a staircase to the Ecumenical Temple.
  3348 | Temple   | Entered the Ecumenical Temple
  3382 | D:4      | Noticed an ogre
  3388 | D:4      | Killed an ogre
  3548 | D:5      | Entered Level 5 of the Dungeon
  3595 | D:5      | Reached skill level 6 in Axes
  3747 | D:5      | Found a radiant altar of Vehumet.
  4065 | D:5      | Found a glowing golden altar of the Shining One.
  4309 | D:5      | Found Yclir's Distillery.
  4318 | D:5      | Bought a potion of heal wounds for 65 gold pieces
  4318 | D:5      | Bought a potion of curing for 39 gold pieces
  4318 | D:5      | Bought a potion of agility for 52 gold pieces
  4318 | D:5      | Bought a potion of might for 52 gold pieces
  4446 | D:5      | Reached skill level 5 in Armour
  4756 | D:6      | Found Osmeafi's Armour Shop.
  4782 | D:6      | Reached XP level 8. HP: 53/61 MP: 8/8
  4938 | D:6      | Reached skill level 5 in Fighting
  5059 | D:6      | Reached skill level 7 in Axes
  5367 | D:6      | Noticed Grinder
  5374 | D:6      | Killed Grinder
  5761 | D:6      | Reached skill level 8 in Axes
  6182 | D:7      | Reached XP level 9. HP: 58/71 MP: 9/9
  6400 | D:7      | Reached skill level 1 in Throwing
  6787 | D:7      | Reached skill level 9 in Axes
  7036 | D:7      | Found a burning altar of Makhleb.
  7036 | D:7      | Noticed a deep elf priest
  7036 | D:7      | Noticed a deep elf priest
  7051 | D:7      | Killed a deep elf priest
  7053 | D:7      | Killed a deep elf priest
  7539 | D:8      | Found a shadowy altar of Dithmenos.
  7619 | D:8      | Reached skill level 10 in Axes
  7623 | D:8      | Gained mutation: You passively map a small area around you. [mutagenic meat]
  7728 | D:8      | Got a brightly glowing short sword
  7832 | D:8      | Identified the +1 short sword "Qexti" {pierce, MR+++ Dex-2 SInv} (You took it off a kobold on level 8 of the Dungeon)
  7917 | D:8      | Found a burning altar of Makhleb.
  8309 | D:9      | Noticed a hill giant
  8310 | D:9      | Noticed Erolcha
  8317 | D:9      | Gained mutation: You are mostly covered in large bone plates (AC +3, SH +3). [demonic ancestry]
  8317 | D:9      | Reached XP level 10. HP: 61/79 MP: 10/10
  8319 | D:9      | Killed a hill giant
  8322 | D:9      | Killed Erolcha
  8379 | D:9      | Found a bloodstained altar of Trog.
  8390 | D:9      | Reached skill level 11 in Axes
  8464 | D:9      | Found a staircase to the Lair.
  8485 | D:9      | Noticed Psyche
  8528 | D:9      | Found a staircase to the Orcish Mines.
  8539 | D:9      | Gained mutation: You are robust (+10% HP). [mutagenic glow]
  8547 | D:9      | Found a sparkling altar of Nemelex Xobeh.
  8689 | D:9      | Killed Psyche
  8902 | D:9      | Noticed Pikel
  8914 | D:9      | Killed Pikel
  8952 | D:9      | Noticed Grum
  8955 | D:9      | Killed Grum
  9254 | D:10     | Entered Level 10 of the Dungeon
  9338 | D:10     | Found a portal to a secret trove of treasure.
  9455 | Lair:1   | Entered Level 1 of the Lair of Beasts
  9579 | Lair:1   | Reached XP level 11. HP: 67/99 MP: 11/11
  9593 | Lair:1   | Reached skill level 10 in Fighting
  9669 | Lair:1   | Reached skill level 12 in Axes
  9810 | Lair:1   | Received a gift from Trog
  9812 | Lair:1   | Noticed a seven-headed hydra
 10007 | Lair:1   | Killed a 13-headed hydra
 10491 | Lair:1   | Received a gift from Trog
 10972 | Lair:2   | Reached skill level 1 in Evocations
 11172 | Lair:2   | Noticed a four-headed hydra
 11175 | Lair:2   | Noticed a five-headed hydra
 11229 | Lair:2   | Noticed a six-headed hydra
 11241 | Lair:2   | Killed a six-headed hydra
 11541 | Lair:2   | Killed a five-headed hydra
 11542 | Lair:2   | Noticed a seven-headed hydra
 11546 | Lair:2   | Killed a seven-headed hydra
 11546 | Lair:2   | Gained mutation: You may emit foul miasma when damaged in melee. [demonic ancestry]
 11546 | Lair:2   | Reached XP level 12. HP: 82/112 MP: 13/15
 11716 | Lair:2   | Reached skill level 5 in Evocations
 12354 | Lair:3   | Reached skill level 13 in Axes
 12357 | Lair:3   | Received a gift from Trog
 12940 | Lair:4   | Found a hole to the Spider Nest.
 12996 | Lair:4   | Received a gift from Trog
 13217 | Lair:1   | Received a gift from Trog
 13218 | Lair:1   | Got a pitted great mace {god gift}
 13229 | Lair:2   | Gained mutation: Your spells are a little harder to cast, but a little more powerful. [potion of mutation]
 13229 | Lair:2   | Gained mutation: You have a pair of small horns on your head. [potion of mutation]
 13229 | Lair:2   | Gained mutation: Scrolls take you a little longer to read. [potion of mutation]
 13239 | Lair:2   | Identified the +1 great mace of Debt {drain, Int+6 SInv} (Trog gifted it to you on level 1 of the Lair of Beasts)
 13409 | Lair:4   | Reached skill level 14 in Axes
 13981 | Lair:5   | Gained mutation: You are weak. (Str -2) [potion of mutation]
 13981 | Lair:5   | Gained mutation: You tend to lose your temper in combat. [potion of mutation]
 13981 | Lair:5   | Gained mutation: You are clumsy. (Dex -2) [potion of mutation]
 14412 | Lair:5   | Found a staircase to the Swamp.
 15003 | Lair:6   | Gained mutation: Your magical and physical power is slightly enhanced at high health. [demonic ancestry]
 15003 | Lair:6   | Reached XP level 13. HP: 102/117 MP: 14/18
 15757 | Lair:6   | Identified a scroll of acquirement
 15915 | Lair:7   | Reached skill level 5 in Throwing
 17439 | D:11     | Received a gift from Trog
 17999 | D:12     | Reached skill level 10 in Evocations
 18931 | D:12     | Received a gift from Trog
 19172 | D:13     | Found Hywugi's Food Shoppe.
 19298 | D:13     | Reached skill level 10 in Throwing
 19462 | D:13     | Reached XP level 14. HP: 102/125 MP: 20/22
 19499 | D:13     | Noticed Nessos
 19809 | D:13     | Killed Nessos
 19886 | D:13     | Found a gate to the Vaults.
 20000 | D:13     | Received a gift from Trog
 20246 | D:14     | Found Uvoi's Food Boutique.
 20278 | D:14     | Found Qururilute's Assorted Antiques.
 20287 | D:14     | Bought a scroll labeled UNICEJ RIACAO for 21 gold pieces
 20287 | D:14     | Bought a scroll labeled UNICEJ RIACAO for 21 gold pieces
 20588 | D:14     | Lost mutation: You are robust (+10% HP). [mutagenic meat]
 20589 | D:14     | Gained mutation: You have a pair of horns on your head. [mutagenic meat]
 20590 | D:14     | Gained mutation: You often lose your temper in combat. [mutagenic meat]
 20591 | D:14     | Gained mutation: You passively map the area around you. [mutagenic meat]
 20595 | D:14     | Gained mutation: You have a pair of large horns on your head. [mutagenic meat]
 20596 | D:14     | Gained mutation: You can spit weak poison. [mutagenic meat]
 20597 | D:14     | Lost mutation: You are clumsy. (Dex -2) [mutagenic meat]
 20664 | D:14     | Noticed Josephine
 20677 | D:14     | Killed Josephine
 20677 | D:14     | Received a gift from Trog
 21551 | D:14     | Received a gift from Trog
 21702 | D:15     | Entered Level 15 of the Dungeon
 21713 | D:15     | Got a bloodstained morningstar
 21727 | D:15     | Got a translucent mace
 21939 | D:10     | Identified the cursed +1 morningstar of Circularity {crush, Dex+2} (You found it on level 15 of the Dungeon)
 22258 | D:15     | Found a staircase to the Depths.
 22526 | D:15     | Gained mutation: You are agile. (Dex +2) [mutagenic meat]
 22527 | D:15     | Gained mutation: You have very sharp teeth. [mutagenic meat]
 22528 | D:15     | Lost mutation: You are agile. (Dex +2) [mutagenic meat]
 22785 | D:15     | Found a sacrificial altar of Ru.
 23352 | Orc:1    | Entered Level 1 of the Orcish Mines
 23381 | Orc:1    | Noticed Snorg
 23386 | Orc:1    | Killed Snorg
 23514 | Orc:2    | Received a gift from Trog
 23698 | Orc:1    | Received a gift from Trog
 24152 | Orc:1    | Noticed Harold
 24155 | Orc:1    | Received a gift from Trog
 24160 | Orc:1    | Killed Harold
 24706 | Orc:3    | Received a gift from Trog
 24989 | Orc:3    | Noticed an orc warlord
 25001 | Orc:3    | Killed an orc warlord
 25036 | Orc:3    | Found a staircase to the Elven Halls.
 25137 | Orc:2    | Received a gift from Trog
 25443 | Lair:2   | Killed a four-headed hydra
 25919 | Orc:3    | Found a roughly hewn altar of Beogh.
 26039 | Orc:4    | Entered Level 4 of the Orcish Mines
 26204 | Orc:4    | Reached XP level 15. HP: 69/120 MP: 15/25
 26205 | Orc:4    | Received a gift from Trog
 26223 | Orc:4    | Found Giahaunk's Magic Scroll Shoppe.
 26223 | Orc:4    | Found Keuhaet's Armour Shop.
 26234 | Orc:4    | Found Voalut's Book Boutique.
 26234 | Orc:4    | Found Muil's Food Shoppe.
 26612 | Orc:4    | Bought a scroll of teleportation for 45 gold pieces
 26612 | Orc:4    | Bought 3 scrolls of teleportation for 135 gold pieces
 26612 | Orc:4    | Bought a scroll of teleportation for 45 gold pieces
 26612 | Orc:4    | Bought a scroll of fog for 30 gold pieces
 26612 | Orc:4    | Bought a scroll of identify for 30 gold pieces
 26612 | Orc:4    | Bought a scroll of remove curse for 45 gold pieces
 26612 | Orc:4    | Bought a scroll of remove curse for 45 gold pieces
 26612 | Orc:4    | Bought a scroll of remove curse for 45 gold pieces
 26715 | Orc:4    | Noticed Rupert
 26725 | Orc:4    | Killed Rupert
 26967 | Orc:4    | Found a roughly hewn altar of Beogh.
 27374 | D:6      | Bought a +2 pair of gloves of strength for 236 gold pieces
 27641 | Spider:1 | Entered Level 1 of the Spider Nest
 27889 | Spider:1 | Received a gift from Trog
 29065 | Spider:2 | Noticed Louise
 29084 | Spider:2 | Killed Louise
 29084 | Spider:2 | Reached skill level 15 in Axes
 29206 | Spider:2 | Received a gift from Trog
 29826 | Spider:2 | Noticed Roxanne
 30149 | Spider:2 | Noticed Agnes
 30161 | Spider:2 | Killed Agnes
 30167 | Spider:2 | Killed Roxanne
 30178 | Spider:2 | Lost mutation: You can spit weak poison. [potion of mutation]
 30178 | Spider:2 | Gained mutation: Armour fits poorly on your strangely shaped body. [potion of mutation]
 30653 | Spider:3 | Received a gift from Trog
 30689 | Spider:3 | Reached skill level 16 in Axes
 32129 | Spider:3 | Reached XP level 16. HP: 124/128 MP: 26/26
 32899 | Spider:4 | HP: 3/128 [emperor scorpion (5)]
 32899 | Spider:4 | HP: 1/128 [emperor scorpion (2)]
 32910 | Spider:4 | Received a gift from Trog
 33347 | Spider:4 | Reached skill level 17 in Axes
 34051 | Spider:5 | Entered Level 5 of the Spider Nest
 34503 | Spider:5 | Gained mutation: You possess an exceptional clarity of mind. [mutagenic meat]
 34626 | Spider:5 | Received a gift from Trog
 34922 | Spider:5 | Reached skill level 18 in Axes
 36122 | Spider:4 | Gained mutation: Your system is resistant to poisons. [mutagenic meat]
 36386 | Spider:5 | Got a gossamer rune of Zot
 37280 | Swamp:1  | Entered Level 1 of the Swamp
 37281 | Swamp:1  | Upgraded the game from 0.17-a0-528-gc205fd0 to 0.17-a0-543-g13d7571
 37296 | Swamp:1  | Reached XP level 17. HP: 128/135 MP: 27/27
 37370 | Swamp:1  | Received a gift from Trog
 37587 | Swamp:1  | Received a gift from Trog
 40688 | Swamp:4  | Reached skill level 15 in Fighting
 40752 | Swamp:5  | Entered Level 5 of the Swamp
 40783 | Swamp:5  | Received a gift from Trog
 42471 | Swamp:5  | Gained mutation: You have hoof-like feet. [demonic ancestry]
 42471 | Swamp:5  | Reached XP level 18. HP: 148/153 MP: 28/28
 42543 | Swamp:5  | Noticed the 27-headed Lernaean hydra
 42599 | Swamp:5  | Killed the 27-headed Lernaean hydra
 42599 | Swamp:5  | Received a gift from Trog
 42600 | Swamp:5  | Got an ebony executioner's axe {god gift}
 42685 | Swamp:5  | Got a decaying rune of Zot
 43220 | Lair:2   | Identified the +7 executioner's axe of Defence {chop, rN++ MR- Str+6} (Trog gifted it to you on level 5 of the Swamp)
 43718 | Vaults:1 | Entered Level 1 of the Vaults
 43804 | Vaults:1 | Noticed Asterion
 43815 | Vaults:1 | Killed Asterion
 43911 | Vaults:1 | Lost mutation: Your system is resistant to poisons. [mutagenic meat]
 43912 | Vaults:1 | Gained mutation: Scrolls take you longer to read. [mutagenic meat]
 43914 | Vaults:1 | Lost mutation: Your spells are a little harder to cast, but a little more powerful. [mutagenic meat]
 43915 | Vaults:1 | Lost mutation: You possess an exceptional clarity of mind. [mutagenic meat]
 43916 | Vaults:1 | Lost mutation: You have a pair of large horns on your head. [mutagenic meat]
 43917 | Vaults:1 | Gained mutation: You heal slowly when monsters are visible. [mutagenic meat]
 43919 | Vaults:1 | Lost mutation: You have a pair of horns on your head. [mutagenic meat]
 44018 | Vaults:1 | Gained mutation: You are covered in fur (AC +1). [mutagenic meat]
 44019 | Vaults:1 | Gained mutation: Your flesh is cold resistant. [mutagenic meat]
 44020 | Vaults:1 | Gained mutation: You possess an exceptional clarity of mind. [mutagenic meat]
 44191 | Vaults:1 | Received a gift from Trog
 44452 | Vaults:1 | Gained mutation: You are resistant to hostile enchantments. [mutagenic meat]
 44454 | Vaults:1 | Lost mutation: You often lose your temper in combat. [mutagenic meat]
 44455 | Vaults:1 | Lost mutation: You heal slowly when monsters are visible. [mutagenic meat]
 44456 | Vaults:1 | Lost mutation: You have very sharp teeth. [mutagenic meat]
 44744 | Vaults:1 | Gained mutation: You are agile. (Dex +2) [mutagenic meat]
 44745 | Vaults:1 | Lost mutation: You are agile. (Dex +2) [mutagenic meat]
 44746 | Vaults:1 | Gained mutation: Your spells are a little harder to cast, but a little more powerful. [mutagenic meat]
 44747 | Vaults:1 | Lost mutation: Scrolls take you longer to read. [mutagenic meat]
 44749 | Vaults:1 | Lost mutation: Your flesh is cold resistant. [mutagenic meat]
 44754 | Vaults:1 | Gained mutation: Your system is resistant to poisons. [mutagenic meat]
 44755 | Vaults:1 | Lost mutation: You are weak. (Str -2) [mutagenic meat]
 44756 | Vaults:1 | Gained mutation: You are weak. (Str -2) [mutagenic meat]
 44832 | Vaults:1 | HP: 3/157 [Ice Fiend[an ironheart preserver] (12)]
 44832 | Vaults:1 | Killed from afar by an Ice Fiend

Action                   |  1- 3 |  4- 6 |  7- 9 | 10-12 | 13-15 | 16-18 || total
-------------------------+-------+-------+-------+-------+-------+-------++-------
Melee: Hand axe          |   100 |   195 |   137 |   401 |       |       ||   833
       War axe           |       |       |   375 |    54 |   213 |       ||   642
       Battleaxe         |       |       |       |   409 |   858 |   879 ||  2146
       Executioner's axe |       |       |       |       |       |     9 ||     9
 Fire: Blowgun           |       |       |       |     5 |     4 |       ||     9
Throw: Stone             |       |     5 |     4 |       |     8 |       ||    17
       Tomahawk          |       |       |     9 |    31 |   356 |   178 ||   574
       Javelin           |       |       |       |       |    27 |   132 ||   159
       Throwing net      |       |       |       |       |       |     1 ||     1
Invok: Berserk           |     1 |     4 |     9 |     6 |     2 |     2 ||    24
       Trog's Hand       |       |       |     2 |    22 |    19 |     8 ||    51
       Burn Spellbooks   |       |       |       |     2 |     6 |     1 ||     9
       Brothers in Arms  |       |       |       |       |     1 |       ||     1
 Abil: Evoke Flight      |       |       |       |       |       |    51 ||    51
Evoke: Wand              |       |       |       |     7 |     7 |    25 ||    39
       Fan of gales      |       |       |       |       |       |     1 ||     1
       Phial of floods   |       |       |       |       |       |     1 ||     1
  Use: Scroll            |       |       |    16 |     5 |    20 |     7 ||    48
       Potion            |       |       |       |     2 |     9 |     6 ||    17
 Stab: Sleeping          |     1 |       |       |       |       |       ||     1
       Distracted        |       |       |       |     7 |     1 |     6 ||    14
       Invisible         |       |       |       |       |       |     1 ||     1
       Paralysed         |       |       |       |       |       |     9 ||     9
       Confused          |       |       |       |       |       |     4 ||     4
       Held in net/web   |       |       |       |       |       |     2 ||     2
  Eat: Chunk             |       |    12 |    27 |    33 |    84 |    85 ||   241
       Fruit             |       |       |       |     1 |     1 |       ||     2
       Beef jerky        |       |       |       |       |       |     2 ||     2
